Blues vs Sabres

Created - January 13, 2024 at 09:07

Goals
1 2 3 T
Blues 1 2 2 5
Sabres 0 0 2 2
Shots
1 2 3 T
Blues 9 14 13 36
Sabres 5 5 8 18

GoalsPenalties
1st period
1. Blues , Clayton Keller 14 (Filip Hronek 14, Sean Monahan 5) at 15:21
Milan Lucic (BUF) for Holding (Minor) at 12:35
2nd period
2. Blues , Auston Matthews 16 (Nico Hischier 29, Jack Eichel 10) at 11:05 (PP)
3. Blues , Kris Letang 6 (Yanni Gourde 13, Anthony DeAngelo 12) at 13:16 (PP)
Blake Coleman (BUF) for Roughing (Minor) at 4:07
Milan Lucic (BUF) for Holding (Minor) at 10:28
Milan Lucic (BUF) for Tripping (Minor) at 11:20
Jake Neighbours (BUF) for Holding (Minor) at 13:17
Kris Letang (STL) for Hooking (Minor) at 19:39
3rd period
4. Sabres , Blake Coleman 14 (Jake Neighbours 4, Philippe Myers 10) at 3:14
5. Blues , Jack Eichel 11 (Cale Makar 30, Kevin Lankinen) at 4:16 (PP)
6. Sabres , Brett Howden 5 (Mason Appleton 6, Milan Lucic 4) at 11:28
7. Blues , Nico Hischier 12 (Jack Eichel 11, Auston Matthews 22) at 15:55 (PP)
Brenden Dillon (BUF) for Interference (Minor) at 4:02
Filip Hronek (STL) for Holding (Minor) at 4:50
Blake Coleman (BUF) for Roughing (Double Minor) at 5:32
Anthony DeAngelo (STL) for Interference (Minor) at 12:57
Jansen Harkins (BUF) for Hooking (Minor) at 15:19
Victor Soderstrom (BUF) for Tripping (Minor) at 15:48
Brenden Dillon (BUF) for Tripping (Minor) at 19:47
Goalie Stats
Kevin Lankinen (STL), 16 saves from 18 shots - (0.889), W, 4-2-1, 60:00 minutes
James Reimer (BUF), 31 saves from 36 shots - (0.861), L, 3-15-3, 60:00 minutes
3 StarsOfficial
1 - Jack Eichel (STL)
2 - Nico Hischier (STL)
3 - Clayton Keller (STL)
Referees : Andrew Wilk and Brett Roeland
Linesman : Derek Nansen and Jonny Murray
Game Note
No Game Note
Finance
Level 1 -- Attendance: 5819 (89.52%) -- Ticket Income $692,461
Level 2 -- Attendance: 4095 (81.90%) -- Ticket Income $405,405
Level 3 -- Attendance: 3003 (85.80%) -- Ticket Income $207,207
Level 4 -- Attendance: 2768 (90.16%) -- Ticket Income $135,632
Luxury Box -- Attendance: 886 (88.60%) -- Ticket Income $185,174
Game was played at the Buffalo Pete Center.
Total Attendance: 16571 (86.90%)
Total Ticket Income: $1,625,879
Other Income: $406,470
Total Income: $2,032,349



Team Name Goals Shots Shots Attemp Shots Blocked PIM HIT PP PK FO%
Blues 5367176204 / 11 (36%)062%
Sabres 21841622280 / 3 (0%)438%

Blues
Player Name POS G A P +/- PIM HIT SHT SB MP PP MP PP SHT PK MP PK SHT FO% FOT
Aatu RatyC000000207:360:0000:3000% 0
Anthony DeAngeloD011-1222118:036:3210:3800% 0
Anton StralmanD000-1020110:580:0000:0400% 0
Auston MatthewsC112-2014022:597:3530:00038% 13
Cale MakarD0110004125:297:3441:3100% 0
Clayton KellerRW1011006019:056:3121:140100% 3
Craig SmithC000000107:060:0000:0000% 0
Curtis LazarC000000007:060:0000:00078% 9
Evan RodriguesC000000107:240:0000:0000% 0
Filip HronekD0110210116:190:0002:2400% 0
Jack EichelC1230022014:597:3510:00042% 12
Jacob TroubaD0000040117:530:0003:1100% 0
Kris LetangD1010213123:376:3231:2800% 0
Logan CoutureC000-2023022:147:3510:0000% 1
Marcus JohanssonLW0000001010:240:0003:000100% 4
Nico HischierC112-2024123:497:3430:51063% 19
Sean MonahanC0111021019:546:3102:35064% 25
Yanni GourdeC0111012019:056:3111:140100% 4
Sabres
Player Name POS G A P +/- PIM HIT SHT SB MP PP MP PP SHT PK MP PK SHT FO% FOT
Blake ColemanC1011633014:421:3700:00021% 14
Brenden DillonD000-1430222:241:5707:0200% 0
Brett HowdenC1011003010:223:0210:00053% 15
Brian DumoulinD000-1010022:571:5707:3300% 0
Corey PerryRW0000021114:090:0006:5800% 0
Jake NeighboursLW0111220016:383:0200:00033% 3
Jansen HarkinsC0000204013:590:0006:49045% 20
Jesper FastRW000-1012012:390:0000:1900% 1
Jonathan DrouinLW000-1002013:581:3800:00020% 15
Juraj SlafkovskyLW000-1030016:083:0200:00033% 3
Kaedan KorczakD0002011016:082:4310:0000% 0
Mason AppletonC0111001014:490:0006:58044% 16
Mason McTavishC0001000015:301:3800:00067% 3
Milan LucicLW011161007:170:0000:0000% 0
Philippe MyersD0112021017:162:4301:0800% 0
Tobias BjornfotD0000040121:140:0006:5200% 0
Victor SoderstromD0000230219:580:0005:3600% 0
Zach SanfordLW0000020014:120:0007:0100% 0



Play-by-Play

1st period


0:01 of 1st period - Blake Coleman wins face-off versus Nico Hischier in neutral zone.
1:02 of 1st period - Shot by Clayton Keller.
1:02 of 1st period - Shot Misses the Net.
1:04 of 1st period - Shot by Sean Monahan.
1:04 of 1st period - Shot Misses the Net.
1:14 of 1st period - Shot by Clayton Keller.
1:14 of 1st period - Shot Misses the Net.
1:38 of 1st period - Jacob Trouba is hit by Blake Coleman and loses puck.
2:05 of 1st period - Shot by Marcus Johansson.
2:05 of 1st period - Stopped by James Reimer without a rebound.
2:06 of 1st period - Curtis Lazar wins face-off versus Jonathan Drouin in Sabres zone.
2:37 of 1st period - Shot by Craig Smith.
2:37 of 1st period - Shot Misses the Net.
2:41 of 1st period - Shot by Craig Smith.
2:41 of 1st period - Stopped by James Reimer with a rebound.
2:49 of 1st period - Shot by Craig Smith.
2:49 of 1st period - Shot Misses the Net.
3:21 of 1st period - Shot by Nico Hischier.
3:21 of 1st period - Shot Misses the Net.
4:53 of 1st period - Shot by Marcus Johansson.
4:53 of 1st period - Shot Misses the Net.
4:55 of 1st period - Shot by Filip Hronek.
4:55 of 1st period - Shot Misses the Net.
4:57 of 1st period - Shot by Evan Rodrigues.
4:57 of 1st period - Stopped by James Reimer without a rebound.
4:58 of 1st period - Sean Monahan wins face-off versus Jonathan Drouin in Sabres zone.
5:01 of 1st period - Shot by Yanni Gourde.
5:01 of 1st period - Shot Misses the Net.
5:13 of 1st period - Shot by Jesper Fast.
5:13 of 1st period - Shot Misses the Net.
5:15 of 1st period - Shot by Jesper Fast.
5:15 of 1st period - Stopped by Kevin Lankinen without a rebound.
5:16 of 1st period - Curtis Lazar wins face-off versus Jansen Harkins in Blues zone.
5:24 of 1st period - Off-side.
5:25 of 1st period - Yanni Gourde wins face-off versus Jonathan Drouin in neutral zone.
5:44 of 1st period - Shot by Yanni Gourde.
5:44 of 1st period - Stopped by James Reimer without a rebound.
5:45 of 1st period - Jack Eichel wins face-off versus Brett Howden in Sabres zone.
5:58 of 1st period - Shot by Jack Eichel.
5:58 of 1st period - Shot Misses the Net.
6:18 of 1st period - Shot by Mason Appleton.
6:18 of 1st period - Stopped by Kevin Lankinen without a rebound.
6:19 of 1st period - Jonathan Drouin wins face-off versus Sean Monahan in Blues zone.
6:33 of 1st period - Icing by Filip Hronek.
6:34 of 1st period - Yanni Gourde wins face-off versus Jansen Harkins in Blues zone.
6:34 of 1st period - Yanni Gourde is hit by Corey Perry.
6:44 of 1st period - Shot by Yanni Gourde.
6:44 of 1st period - Shot Misses the Net.
6:51 of 1st period - Icing by Victor Soderstrom.
6:52 of 1st period - Nico Hischier wins face-off versus Jansen Harkins in Sabres zone.
6:53 of 1st period - Shot by Kris Letang.
6:53 of 1st period - Shot Blocked by Victor Soderstrom.
8:46 of 1st period - Filip Hronek is hit by Brian Dumoulin and loses puck.
10:16 of 1st period - Shot by Jansen Harkins.
10:16 of 1st period - Stopped by Kevin Lankinen with a rebound.
12:10 of 1st period - Shot by Clayton Keller.
12:10 of 1st period - Stopped by James Reimer without a rebound.
12:11 of 1st period - Brett Howden wins face-off versus Jack Eichel in Sabres zone.
12:35 of 1st period - Minor Penalty to Milan Lucic for Holding.
12:36 of 1st period - Clayton Keller wins face-off versus Jansen Harkins in Sabres zone.
13:59 of 1st period - Off-side.
14:00 of 1st period - Jansen Harkins wins face-off versus Sean Monahan in neutral zone.
14:06 of 1st period - Icing by Nico Hischier.
14:07 of 1st period - Sean Monahan wins face-off versus Jansen Harkins in Blues zone.
14:32 of 1st period - Shot by Clayton Keller.
14:32 of 1st period - Shot Misses the Net.
14:34 of 1st period - Shot by Yanni Gourde.
14:34 of 1st period - Stopped by James Reimer with a rebound.
14:51 of 1st period - Icing by Jake Neighbours.
14:52 of 1st period - Blake Coleman wins face-off versus Jack Eichel in Sabres zone.
15:15 of 1st period - Shot by Anthony DeAngelo.
15:15 of 1st period - Stopped by James Reimer without a rebound.
15:16 of 1st period - Sean Monahan wins face-off versus Jonathan Drouin in Sabres zone.
15:21 of 1st period - Shot by Clayton Keller.
15:21 of 1st period - Goal by Clayton Keller - Blues : 1 - Sabres : 0.
15:22 of 1st period - Juraj Slafkovsky wins face-off versus Nico Hischier in neutral zone.
15:22 of 1st period - Juraj Slafkovsky is hit by Nico Hischier.
15:27 of 1st period - Jesper Fast is hit by Jacob Trouba and loses puck.
15:59 of 1st period - Brian Dumoulin is hit by Jacob Trouba and loses puck.
16:08 of 1st period - Shot by Filip Hronek.
16:08 of 1st period - Shot Misses the Net.
16:15 of 1st period - Icing by Brian Dumoulin.
16:16 of 1st period - Sean Monahan wins face-off versus Jonathan Drouin in Sabres zone.
16:42 of 1st period - Icing by Jake Neighbours.
16:43 of 1st period - Mason McTavish wins face-off versus Jack Eichel in Sabres zone.
16:55 of 1st period - Jack Eichel is hit by Blake Coleman and loses puck.
17:21 of 1st period - Icing by Marcus Johansson.
17:22 of 1st period - Jack Eichel wins face-off versus Brett Howden in Blues zone.
17:28 of 1st period - Icing by Anthony DeAngelo.
17:29 of 1st period - Brett Howden wins face-off versus Jack Eichel in Blues zone.
18:04 of 1st period - Shot by Milan Lucic.
18:04 of 1st period - Shot Hit the Post.
18:06 of 1st period - Shot by Brett Howden.
18:06 of 1st period - Stopped by Kevin Lankinen with a rebound.
18:23 of 1st period - Cale Makar is hit by Brenden Dillon and loses puck.
18:32 of 1st period - Cale Makar is hit by Zach Sanford and loses puck.
18:41 of 1st period - Shot by Corey Perry.
18:41 of 1st period - Shot Misses the Net.
18:43 of 1st period - Shot by Jansen Harkins.
18:43 of 1st period - Stopped by Kevin Lankinen without a rebound.
18:44 of 1st period - Sean Monahan wins face-off versus Blake Coleman in Blues zone.
18:59 of 1st period - Shot by Sean Monahan.
18:59 of 1st period - Stopped by James Reimer without a rebound.
19:00 of 1st period - Curtis Lazar wins face-off versus Juraj Slafkovsky in Sabres zone.
19:20 of 1st period - Jonathan Drouin is hit by Anthony DeAngelo.
19:36 of 1st period - Shot by Curtis Lazar.
19:36 of 1st period - Deflect By Aatu Raty.
19:36 of 1st period - Shot Misses the Net.
19:39 of 1st period - Icing by Brian Dumoulin.
19:40 of 1st period - Jonathan Drouin wins face-off versus Auston Matthews in Sabres zone.
Goals for this period are 1 for Blues vs 0 for Sabres.
Shots for this period are 9 for Blues vs 5 for Sabres.

2nd period


0:01 of 2nd period - Jake Neighbours wins face-off versus Sean Monahan in neutral zone.
0:06 of 2nd period - Shot by Mason McTavish.
0:06 of 2nd period - Shot Misses the Net.
0:50 of 2nd period - Philippe Myers is hit by Sean Monahan and loses puck.
0:58 of 2nd period - Icing by Philippe Myers.
0:59 of 2nd period - Nico Hischier wins face-off versus Blake Coleman in Sabres zone.
1:13 of 2nd period - Icing by Filip Hronek.
1:14 of 2nd period - Jansen Harkins wins face-off versus Nico Hischier in Blues zone.
1:14 of 2nd period - Victor Soderstrom is hit by Jacob Trouba and loses puck.
1:42 of 2nd period - Off-side.
1:43 of 2nd period - Jack Eichel wins face-off versus Brett Howden in neutral zone.
1:43 of 2nd period - Jack Eichel is hit by Milan Lucic.
1:52 of 2nd period - Icing by Brian Dumoulin.
1:53 of 2nd period - Brett Howden wins face-off versus Sean Monahan in Sabres zone.
2:13 of 2nd period - Brett Howden is hit by Kris Letang and loses puck.
2:26 of 2nd period - Shot by Brett Howden.
2:26 of 2nd period - Deflect By Milan Lucic.
2:26 of 2nd period - Shot Blocked by Kris Letang.
3:04 of 2nd period - Shot by Jonathan Drouin.
3:04 of 2nd period - Stopped by Kevin Lankinen without a rebound.
3:05 of 2nd period - Curtis Lazar wins face-off versus Jansen Harkins in Blues zone.
3:17 of 2nd period - Kaedan Korczak is hit by Anton Stralman and loses puck.
3:34 of 2nd period - Shot by Aatu Raty.
3:34 of 2nd period - Stopped by James Reimer without a rebound.
3:35 of 2nd period - Nico Hischier wins face-off versus Jonathan Drouin in Sabres zone.
3:35 of 2nd period - Auston Matthews is hit by Victor Soderstrom and loses puck.
4:04 of 2nd period - Shot by Jesper Fast.
4:04 of 2nd period - Stopped by Kevin Lankinen without a rebound.
4:05 of 2nd period - Sean Monahan wins face-off versus Jake Neighbours in Blues zone.
4:07 of 2nd period - Minor Penalty to Blake Coleman for Roughing.
4:08 of 2nd period - Sean Monahan wins face-off versus Mason Appleton in Sabres zone.
4:22 of 2nd period - Yanni Gourde is hit by Brenden Dillon and loses puck.
5:33 of 2nd period - Shot by Cale Makar.
5:33 of 2nd period - Shot Misses the Net.
5:35 of 2nd period - Shot by Auston Matthews.
5:35 of 2nd period - Shot Misses the Net.
5:37 of 2nd period - Shot by Cale Makar.
5:37 of 2nd period - Shot Misses the Net.
5:39 of 2nd period - Shot by Nico Hischier.
5:39 of 2nd period - Stopped by James Reimer without a rebound.
5:40 of 2nd period - Auston Matthews wins face-off versus Mason Appleton in Sabres zone.
5:43 of 2nd period - Shot by Cale Makar.
5:43 of 2nd period - Stopped by James Reimer without a rebound.
5:44 of 2nd period - Mason Appleton wins face-off versus Sean Monahan in Sabres zone.
6:01 of 2nd period - Shot by Kris Letang.
6:01 of 2nd period - Shot Misses the Net.
6:03 of 2nd period - Shot by Kris Letang.
6:03 of 2nd period - Stopped by James Reimer with a rebound.
6:05 of 2nd period - Shot by Kris Letang.
6:05 of 2nd period - Shot Blocked by Corey Perry.
6:08 of 2nd period - Clayton Keller is hit by Philippe Myers and loses puck.
6:27 of 2nd period - Curtis Lazar is hit by Kaedan Korczak and loses puck.
6:36 of 2nd period - Shot by Blake Coleman.
6:36 of 2nd period - Shot Misses the Net.
6:48 of 2nd period - Shot by Blake Coleman.
6:48 of 2nd period - Stopped by Kevin Lankinen without a rebound.
6:49 of 2nd period - Nico Hischier wins face-off versus Jonathan Drouin in Blues zone.
6:54 of 2nd period - Shot by Auston Matthews.
6:54 of 2nd period - Shot Blocked by Brenden Dillon.
7:06 of 2nd period - Shot by Auston Matthews.
7:06 of 2nd period - Shot Misses the Net.
7:17 of 2nd period - Off-side.
7:18 of 2nd period - Jansen Harkins wins face-off versus Sean Monahan in neutral zone.
7:25 of 2nd period - Shot by Corey Perry.
7:25 of 2nd period - Stopped by Kevin Lankinen without a rebound.
7:26 of 2nd period - Sean Monahan wins face-off versus Blake Coleman in Blues zone.
7:26 of 2nd period - Sean Monahan is hit by Blake Coleman.
7:37 of 2nd period - Clayton Keller is hit by Tobias Bjornfot and loses puck.
7:45 of 2nd period - Sean Monahan is hit by Victor Soderstrom and loses puck.
7:50 of 2nd period - Shot by Clayton Keller.
7:50 of 2nd period - Stopped by James Reimer with a rebound.
8:37 of 2nd period - Icing by Kris Letang.
8:38 of 2nd period - Nico Hischier wins face-off versus Juraj Slafkovsky in Blues zone.
8:50 of 2nd period - Icing by Brenden Dillon.
8:51 of 2nd period - Jonathan Drouin wins face-off versus Jack Eichel in Sabres zone.
9:39 of 2nd period - Icing by Anthony DeAngelo.
9:40 of 2nd period - Jansen Harkins wins face-off versus Jack Eichel in Blues zone.
10:15 of 2nd period - Shot by Logan Couture.
10:15 of 2nd period - Stopped by James Reimer without a rebound.
10:16 of 2nd period - Sean Monahan wins face-off versus Brett Howden in Sabres zone.
10:19 of 2nd period - Shot by Clayton Keller.
10:19 of 2nd period - Stopped by James Reimer without a rebound.
10:20 of 2nd period - Nico Hischier wins face-off versus Brett Howden in Sabres zone.
10:21 of 2nd period - Shot by Auston Matthews.
10:21 of 2nd period - Stopped by James Reimer without a rebound.
10:22 of 2nd period - Brett Howden wins face-off versus Nico Hischier in Sabres zone.
10:22 of 2nd period - Brian Dumoulin is hit by Nico Hischier and loses puck.
10:28 of 2nd period - Minor Penalty to Milan Lucic for Holding.
10:29 of 2nd period - Jansen Harkins wins face-off versus Auston Matthews in Sabres zone.
10:49 of 2nd period - Shot by Cale Makar.
10:49 of 2nd period - Shot Misses the Net.
10:51 of 2nd period - Shot by Nico Hischier.
10:51 of 2nd period - Shot Misses the Net.
11:05 of 2nd period - Shot by Nico Hischier.
11:05 of 2nd period - Deflect By Auston Matthews.
11:05 of 2nd period - Goal by Auston Matthews - Blues : 2 - Sabres : 0.
11:06 of 2nd period - Brett Howden wins face-off versus Sean Monahan in neutral zone.
11:20 of 2nd period - Minor Penalty to Milan Lucic for Tripping.
11:21 of 2nd period - Clayton Keller wins face-off versus Jansen Harkins in Sabres zone.
11:22 of 2nd period - Shot by Kris Letang.
11:22 of 2nd period - Shot Misses the Net.
11:24 of 2nd period - Shot by Yanni Gourde.
11:24 of 2nd period - Deflect By Clayton Keller.
11:24 of 2nd period - Stopped by James Reimer without a rebound.
11:25 of 2nd period - Mason Appleton wins face-off versus Auston Matthews in Sabres zone.
11:48 of 2nd period - Shot by Cale Makar.
11:48 of 2nd period - Stopped by James Reimer with a rebound.
11:50 of 2nd period - Shot by Logan Couture.
11:50 of 2nd period - Stopped by James Reimer without a rebound.
11:51 of 2nd period - Mason Appleton wins face-off versus Sean Monahan in Sabres zone.
11:51 of 2nd period - Mason Appleton is hit by Yanni Gourde.
12:05 of 2nd period - Shot by Kris Letang.
12:05 of 2nd period - Stopped by James Reimer without a rebound.
12:06 of 2nd period - Jansen Harkins wins face-off versus Auston Matthews in Sabres zone.
12:06 of 2nd period - Jansen Harkins is hit by Jack Eichel.
13:16 of 2nd period - Shot by Kris Letang.
13:16 of 2nd period - The goal is going for a video replay.
13:16 of 2nd period - The goal is good.
13:16 of 2nd period - Goal by Kris Letang - Blues : 3 - Sabres : 0.
13:17 of 2nd period - Curtis Lazar wins face-off versus Blake Coleman in neutral zone.
13:17 of 2nd period - Minor Penalty to Jake Neighbours for Holding.
13:18 of 2nd period - Jansen Harkins wins face-off versus Sean Monahan in Sabres zone.
14:43 of 2nd period - Shot by Nico Hischier.
14:43 of 2nd period - Shot Blocked by Brenden Dillon.
14:47 of 2nd period - Shot by Cale Makar.
14:47 of 2nd period - Shot Misses the Net.
15:06 of 2nd period - Icing by Yanni Gourde.
15:07 of 2nd period - Sean Monahan wins face-off versus Mason Appleton in Blues zone.
15:27 of 2nd period - Off-side.
15:28 of 2nd period - Curtis Lazar wins face-off versus Jonathan Drouin in neutral zone.
15:30 of 2nd period - Filip Hronek is hit by Victor Soderstrom and loses puck.
15:50 of 2nd period - Curtis Lazar is hit by Tobias Bjornfot and loses puck.
16:11 of 2nd period - Filip Hronek is hit by Juraj Slafkovsky and loses puck.
16:53 of 2nd period - Shot by Blake Coleman.
16:53 of 2nd period - Shot Misses the Net.
16:55 of 2nd period - Shot by Blake Coleman.
16:55 of 2nd period - Stopped by Kevin Lankinen without a rebound.
16:56 of 2nd period - Brett Howden wins face-off versus Nico Hischier in Blues zone.
17:12 of 2nd period - Icing by Brian Dumoulin.
17:13 of 2nd period - Clayton Keller wins face-off versus Mason Appleton in Sabres zone.
19:27 of 2nd period - Shot by Blake Coleman.
19:27 of 2nd period - Shot Misses the Net.
19:34 of 2nd period - Icing by Kris Letang.
19:35 of 2nd period - Nico Hischier wins face-off versus Jonathan Drouin in Blues zone.
19:39 of 2nd period - Minor Penalty to Kris Letang for Hooking.
19:40 of 2nd period - Marcus Johansson wins face-off versus Brett Howden in Blues zone.
19:40 of 2nd period - Marcus Johansson is hit by Juraj Slafkovsky.
Goals for this period are 2 for Blues vs 0 for Sabres.
Shots for this period are 14 for Blues vs 5 for Sabres.

3rd period


0:01 of 3rd period - Marcus Johansson wins face-off versus Blake Coleman in neutral zone.
0:17 of 3rd period - Kaedan Korczak is hit by Filip Hronek and loses puck.
1:14 of 3rd period - Shot by Brett Howden.
1:14 of 3rd period - Stopped by Kevin Lankinen with a rebound.
1:42 of 3rd period - Off-side.
1:43 of 3rd period - Jansen Harkins wins face-off versus Nico Hischier in neutral zone.
1:43 of 3rd period - Jansen Harkins is hit by Logan Couture.
2:01 of 3rd period - Shot by Jansen Harkins.
2:01 of 3rd period - Shot Blocked by Nico Hischier.
2:32 of 3rd period - Icing by Nico Hischier.
2:33 of 3rd period - Nico Hischier wins face-off versus Blake Coleman in Blues zone.
2:42 of 3rd period - Shot by Philippe Myers.
2:42 of 3rd period - Shot Blocked by Anthony DeAngelo.
2:44 of 3rd period - Shot by Philippe Myers.
2:44 of 3rd period - Stopped by Kevin Lankinen with a rebound.
2:46 of 3rd period - Shot by Blake Coleman.
2:46 of 3rd period - Shot Misses the Net.
3:12 of 3rd period - Shot by Jake Neighbours.
3:12 of 3rd period - Shot Misses the Net.
3:14 of 3rd period - Shot by Blake Coleman.
3:14 of 3rd period - Goal by Blake Coleman - Blues : 3 - Sabres : 1.
3:15 of 3rd period - Yanni Gourde wins face-off versus Jonathan Drouin in neutral zone.
3:15 of 3rd period - Kris Letang is hit by Jesper Fast and loses puck.
3:45 of 3rd period - Shot by Jesper Fast.
3:45 of 3rd period - Shot Misses the Net.
4:02 of 3rd period - Minor Penalty to Brenden Dillon for Interference.
4:03 of 3rd period - Mason Appleton wins face-off versus Logan Couture in Sabres zone.
4:16 of 3rd period - Shot by Jack Eichel.
4:16 of 3rd period - Goal by Jack Eichel - Blues : 4 - Sabres : 1.
4:17 of 3rd period - Brett Howden wins face-off versus Curtis Lazar in neutral zone.
4:22 of 3rd period - Shot by Mason Appleton.
4:22 of 3rd period - Shot Blocked by Filip Hronek.
4:30 of 3rd period - Shot by Aatu Raty.
4:30 of 3rd period - Stopped by James Reimer without a rebound.
4:31 of 3rd period - Blake Coleman wins face-off versus Jack Eichel in Sabres zone.
4:31 of 3rd period - Blake Coleman is hit by Jack Eichel.
4:36 of 3rd period - Blake Coleman is hit by Jacob Trouba and loses puck.
4:47 of 3rd period - Shot by Mason McTavish.
4:47 of 3rd period - Shot Misses the Net.
4:50 of 3rd period - Minor Penalty to Filip Hronek for Holding.
4:51 of 3rd period - Marcus Johansson wins face-off versus Brett Howden in Blues zone.
5:31 of 3rd period - Shot by Kaedan Korczak.
5:31 of 3rd period - Stopped by Kevin Lankinen without a rebound.
5:32 of 3rd period - Marcus Johansson wins face-off versus Blake Coleman in Blues zone.
5:32 of 3rd period - Double Minor Penalty to Blake Coleman for Roughing.
5:33 of 3rd period - Mason McTavish wins face-off versus Auston Matthews in Sabres zone.
5:44 of 3rd period - Shot by Auston Matthews.
5:44 of 3rd period - Shot Blocked by Victor Soderstrom.
5:46 of 3rd period - Shot by Nico Hischier.
5:46 of 3rd period - Stopped by James Reimer without a rebound.
5:47 of 3rd period - Nico Hischier wins face-off versus Mason Appleton in Sabres zone.
6:02 of 3rd period - Shot by Mason Appleton.
6:02 of 3rd period - Shot Blocked by Cale Makar.
6:17 of 3rd period - Off-side.
6:18 of 3rd period - Yanni Gourde wins face-off versus Mason McTavish in neutral zone.
6:46 of 3rd period - Shot by Yanni Gourde.
6:46 of 3rd period - Shot Misses the Net.
7:03 of 3rd period - Shot by Auston Matthews.
7:03 of 3rd period - Stopped by James Reimer without a rebound.
7:04 of 3rd period - Auston Matthews wins face-off versus Jansen Harkins in Sabres zone.
7:07 of 3rd period - Shot by Anthony DeAngelo.
7:07 of 3rd period - Deflect By Auston Matthews.
7:07 of 3rd period - Stopped by James Reimer without a rebound.
7:08 of 3rd period - Mason Appleton wins face-off versus Auston Matthews in Sabres zone.
8:05 of 3rd period - Shot by Jansen Harkins.
8:05 of 3rd period - Shot Misses the Net.
9:00 of 3rd period - Shot by Logan Couture.
9:00 of 3rd period - Shot Misses the Net.
9:28 of 3rd period - Shot by Cale Makar.
9:28 of 3rd period - Shot Blocked by Tobias Bjornfot.
9:30 of 3rd period - Shot by Nico Hischier.
9:30 of 3rd period - Stopped by James Reimer without a rebound.
9:31 of 3rd period - Sean Monahan wins face-off versus Mason Appleton in Sabres zone.
9:47 of 3rd period - Filip Hronek is hit by Juraj Slafkovsky and loses puck.
9:54 of 3rd period - Shot by Jonathan Drouin.
9:54 of 3rd period - Stopped by Kevin Lankinen without a rebound.
9:55 of 3rd period - Jack Eichel wins face-off versus Blake Coleman in Blues zone.
10:05 of 3rd period - Icing by Tobias Bjornfot.
10:06 of 3rd period - Sean Monahan wins face-off versus Blake Coleman in Sabres zone.
10:26 of 3rd period - Icing by Tobias Bjornfot.
10:27 of 3rd period - Nico Hischier wins face-off versus Blake Coleman in Sabres zone.
10:28 of 3rd period - Shot by Logan Couture.
10:28 of 3rd period - Stopped by James Reimer without a rebound.
10:29 of 3rd period - Nico Hischier wins face-off versus Jonathan Drouin in Sabres zone.
10:41 of 3rd period - Brenden Dillon is hit by Logan Couture and loses puck.
11:28 of 3rd period - Shot by Brett Howden.
11:28 of 3rd period - Goal by Brett Howden - Blues : 4 - Sabres : 2.
11:29 of 3rd period - Sean Monahan wins face-off versus Jake Neighbours in neutral zone.
11:56 of 3rd period - Clayton Keller is hit by Jake Neighbours and loses puck.
12:28 of 3rd period - Philippe Myers is hit by Sean Monahan and loses puck.
12:52 of 3rd period - Shot by Mason Appleton.
12:52 of 3rd period - Shot Misses the Net.
12:57 of 3rd period - Minor Penalty to Anthony DeAngelo for Interference.
12:58 of 3rd period - Nico Hischier wins face-off versus Blake Coleman in Blues zone.
15:06 of 3rd period - Shot by Jansen Harkins.
15:06 of 3rd period - Stopped by Kevin Lankinen without a rebound.
15:07 of 3rd period - Jansen Harkins wins face-off versus Curtis Lazar in Blues zone.
15:07 of 3rd period - Jansen Harkins is hit by Anton Stralman.
15:09 of 3rd period - Shot by Corey Perry.
15:09 of 3rd period - Shot Misses the Net.
15:11 of 3rd period - Shot by Brenden Dillon.
15:11 of 3rd period - Deflect By Corey Perry.
15:11 of 3rd period - Shot Misses the Net.
15:13 of 3rd period - Shot by Jansen Harkins.
15:13 of 3rd period - Stopped by Kevin Lankinen without a rebound.
15:14 of 3rd period - Curtis Lazar wins face-off versus Jansen Harkins in Blues zone.
15:14 of 3rd period - Curtis Lazar is hit by Corey Perry.
15:19 of 3rd period - Minor Penalty to Jansen Harkins for Hooking.
15:20 of 3rd period - Auston Matthews wins face-off versus Mason Appleton in Sabres zone.
15:21 of 3rd period - Shot by Cale Makar.
15:21 of 3rd period - Shot Misses the Net.
15:23 of 3rd period - Shot by Cale Makar.
15:23 of 3rd period - Shot Misses the Net.
15:27 of 3rd period - Shot by Cale Makar.
15:27 of 3rd period - Stopped by James Reimer without a rebound.
15:28 of 3rd period - Mason Appleton wins face-off versus Auston Matthews in Sabres zone.
15:43 of 3rd period - Shot by Cale Makar.
15:43 of 3rd period - Stopped by James Reimer without a rebound.
15:44 of 3rd period - Sean Monahan wins face-off versus Mason Appleton in Sabres zone.
15:44 of 3rd period - Sean Monahan is hit by Tobias Bjornfot.
15:48 of 3rd period - Shot by Anthony DeAngelo.
15:48 of 3rd period - Stopped by James Reimer without a rebound.
15:48 of 3rd period - Minor Penalty to Victor Soderstrom for Tripping.
15:49 of 3rd period - Auston Matthews wins face-off versus Jesper Fast in Sabres zone.
15:49 of 3rd period - Auston Matthews is hit by Brenden Dillon.
15:53 of 3rd period - Shot by Jack Eichel.
15:53 of 3rd period - Shot Misses the Net.
15:55 of 3rd period - Shot by Nico Hischier.
15:55 of 3rd period - Goal by Nico Hischier - Blues : 5 - Sabres : 2.
15:56 of 3rd period - Mason Appleton wins face-off versus Auston Matthews in neutral zone.
16:31 of 3rd period - Shot by Corey Perry.
16:31 of 3rd period - Shot Misses the Net.
16:54 of 3rd period - Icing by Anthony DeAngelo.
16:55 of 3rd period - Sean Monahan wins face-off versus Jansen Harkins in Blues zone.
17:06 of 3rd period - Shot by Anthony DeAngelo.
17:06 of 3rd period - Shot Misses the Net.
17:23 of 3rd period - Yanni Gourde is hit by Zach Sanford and loses puck.
18:04 of 3rd period - Shot by Mason McTavish.
18:04 of 3rd period - Shot Blocked by Jacob Trouba.
18:10 of 3rd period - Curtis Lazar is hit by Jake Neighbours and loses puck.
18:48 of 3rd period - Tobias Bjornfot is hit by Auston Matthews and loses puck.
18:52 of 3rd period - Icing by Jesper Fast.
18:53 of 3rd period - Jack Eichel wins face-off versus Jonathan Drouin in Sabres zone.
18:59 of 3rd period - Jack Eichel is hit by Tobias Bjornfot and loses puck.
19:14 of 3rd period - Shot by Jonathan Drouin.
19:14 of 3rd period - Shot Blocked by Anton Stralman.
19:27 of 3rd period - Victor Soderstrom is hit by Anthony DeAngelo and loses puck.
19:34 of 3rd period - Shot by Jack Eichel.
19:34 of 3rd period - Stopped by James Reimer without a rebound.
19:35 of 3rd period - Brett Howden wins face-off versus Nico Hischier in Sabres zone.
19:47 of 3rd period - Minor Penalty to Brenden Dillon for Tripping.
19:48 of 3rd period - Sean Monahan wins face-off versus Jansen Harkins in Sabres zone.
19:51 of 3rd period - Shot by Clayton Keller.
19:51 of 3rd period - Stopped by James Reimer without a rebound.
19:52 of 3rd period - Auston Matthews wins face-off versus Mason Appleton in Sabres zone.
19:52 of 3rd period - Auston Matthews is hit by Philippe Myers.
Goals for this period are 2 for Blues vs 2 for Sabres.
Shots for this period are 13 for Blues vs 8 for Sabres.